 Dungeon Crawl Stone Soup version 0.28.0-53-g5a82cb258f (webtiles) character file.

Game seed: 8776569862339429547

91 jottpe the Skirmisher (level 4, -5/41 HPs)
             Began as a Hill Orc Abyssal Knight on Aug 17, 2022.
             Was a Follower of Lugonu.
             Killed from afar by Ijyb (31 damage)
             ... with a bolt of acid
             ... on level 3 of the Dungeon.
             The game lasted 00:07:16 (1573 turns).

jottpe the Skirmisher (Hill Orc Abyssal Knight)     Turns: 1573, Time: 00:07:17

Health: -5/41      AC:  8    Str: 17    XL:     4   Next: 57%
Magic:  5/5        EV:  5    Int: 10    God:    Lugonu [*.....]
Gold:   29         SH:  0    Dex: 11    Spells: 3/3 levels left

rFire   . . .      SeeInvis +   a - +1 falchion
rCold   . . .      Faith    .   (no shield)
rNeg    . . .      Spirit   .   h - +0 plate armour
rPois   .          Reflect  .   (no helmet)
rElec   .          Harm     .   o - +0 cloak
rCorr   .          Rampage  .   (no gloves)
Will    .....                   (no boots)
Stlth   ..........              (no amulet)
HPRegen 0.13/turn               m - ring of see invisible
MPRegen 0.09/turn               (no ring)

@: corroded
A: no striking features
a: Renounce Religion, Depart the Abyss


You were on level 3 of the Dungeon.
You worshipped Lugonu.
Lugonu was aware of your devotion.
You visited 1 branch of the dungeon, and saw 3 of its levels.
You visited the Abyss 1 time.

You collected 29 gold pieces.

Inventory:

Hand Weapons
 a - a +1 falchion (weapon)
Missiles
 f - 35 stones
 g - 9 bolts
Armour
 h - a +0 plate armour (worn)
 o - a +0 cloak (worn)
Jewellery
 m - a ring of see invisible (left hand)
Wands
 k - a wand of iceblast (4)
Scrolls
 b - 2 scrolls of magic mapping
 c - a scroll of fog
 d - a scroll of noise
Potions
 i - a potion of ambrosia {unknown}
 j - a potion of curing {unknown}
 l - a potion of haste


   Skills:
 + Level 4.7 Fighting
 + Level 2.9 Long Blades
 + Level 3.1 Armour
 + Level 0.8 Dodging
 + Level 1.3 Stealth
 + Level 2.5 Invocations


You had 3 spell levels left.
You didn't know any spells.
Your spell library was empty.

Dungeon Overview and Level Annotations

Branches:
Dungeon (3/15)

Altars:
Ashenzari

Annotations:
D:3 Ijyb


Message History

The goblin shouts!
The goblin hits you but does no damage.
You barely miss the goblin. The goblin hits you with a +0 club.
The goblin barely misses you.
You hit the goblin.
You kill the goblin!
Lugonu accepts your kill.
Things that are here:
a +0 club; a goblin corpse A frilled lizard comes into view.
The frilled lizard hisses angrily.
The frilled lizard moves out of view.
The frilled lizard bites you but does no damage.
You barely miss the frilled lizard. The frilled lizard barely misses you.
You slash the frilled lizard!
You kill the frilled lizard!
Lugonu accepts your kill.
Found a stone staircase leading down.
You see here a frilled lizard corpse.
Found a stone staircase leading down.
A ball python comes into view.
The ball python hisses angrily.
Ijyb the Twisted Goblin comes into view.
She is wielding a +0 dagger and carrying a wand of acid (7).
Ijyb shouts!
Ijyb screams, "I dance on your bones!" Ijyb hits you but does no damage.
You hit Ijyb.
Ijyb is lightly wounded.
Ijyb hits you but does no damage. x2
You hit Ijyb but do no damage.
Ijyb is lightly wounded.
The ball python bites you but does no damage.
The ball python grabs you. The ball python constricts you.
Ijyb zaps a wand.
The bolt of acid hits you! The acid corrodes you!
The bolt of acid hits the ball python!!!
The acid corrodes the ball python!
The ball python dies!
Ijyb zaps a wand.
The bolt of acid hits you!!
Ouch! That really hurt!
You die...

*** #.**,*.#**.,,****** *,**
#.,,#*#.##.,.##****
,*,**********
#.**.#....,,..,,,,,
***,,,,,,,,,*
#.**#.....,S.,,,,,,
,*,********,* #.*
#.##.#,.#,***,* *,*********,*
#.* #.##.#..#,* *,,
,,,,,,,,,*#.###.###.##.#..#.#
#..
********,*#....g.†..........#
#..
*,*#####.@##.##.##.#.###..
*,...........##.##.#..,...
**######..#####.##>#.####.
#..#####.#*....>... *
#.....##.####.####. *
##.##.##........... *
#.##.#######.####. * #.##.#
**#.#**#. * ######.##.###
*,...,,..


You could see Ijyb.

Vanquished Creatures
  Natasha (D:3)
  3 adders
  2 dart slugs (D:2)
  4 ball pythons
  2 endoplasms
  A giant cockroach (D:3)
  4 goblins
  4 hobgoblins
  2 jackals (D:1)
  4 bats
  2 frilled lizards
  2 kobolds (D:1)
  3 rats
34 creatures vanquished.

Vanquished Creatures (others)
  A ball python (D:3)
1 creature vanquished.

Grand Total: 35 creatures vanquished

Notes
Turn   | Place    | Note
-------+----------+-------------------------------------------
     0 | Abyss:1  | jottpe the Hill Orc Abyssal Knight began the quest for the
                  | Orb.
     0 | Abyss:1  | Reached XP level 1. HP: 19/19 MP: 2/2
    40 | Abyss:1  | Noticed an orange demon
    41 | D:1      | Escaped the Abyss
   298 | D:1      | Found a faded altar of an unknown god.
   301 | D:1      | Reached * piety under Lugonu
   379 | D:1      | Reached XP level 2. HP: 23/27 MP: 3/3
   381 | D:1      | Reached skill level 4 in Fighting
   705 | D:1      | You fall into a shaft and drop 1 floor!
   904 | D:2      | Reached XP level 3. HP: 21/34 MP: 4/4
  1374 | D:3      | Reached XP level 4. HP: 41/41 MP: 5/5
  1380 | D:3      | Found a broken altar of Ashenzari.
  1424 | D:3      | Noticed Natasha
  1435 | D:3      | Killed Natasha
  1436 | D:3      | Reached skill level 1 in Stealth
  1567 | D:3      | Noticed Ijyb
  1573 | D:3      | Killed from afar by Ijyb

Illustrated notes

Levels and vault maps discovered:
D:1:      psy_arrival_dodecagon, layout_rooms,
          shapermc_ecumenical_altar_mp_highgroup, corexii_corridor_pit
D:2:      layout_rooms
D:3:      layout_loops_ring, mainiacjoe_overflow_six_doors_small,
          kennysheep_donut, uniq_ijyb, uniq_grinder, uniq_pargi, uniq_natasha,
          uniq_terence

Skill      XL: |  1  2  3  4 |
---------------+-------------+-----
Fighting       | 4 |  4.7
Armour         | 3 |  3.1
Stealth        | 1 |  1.3
Long Blades    | |  2.9
Dodging        | |  0.8
Invocations    | |  2.5

Action                   |  1- 3 |  4- 6 || total
-------------------------+-------+-------++-------
Melee: Falchion          |    98 |    16 ||   114
       Punch             |     1 |       ||     1
Invok: Depart the Abyss  |     1 |       ||     1
  Use: Scroll            |     3 |     1 ||     4
 Stab: Sleeping          |     1 |       ||     1
Armor: Leather armour    |     7 |       ||     7
       Plate armour      |    68 |    10 ||    78
Dodge: Dodged            |    38 |     6 ||    44
